 Dungeon Crawl Stone Soup version 0.30-a0-760-g5a9884bb7c (webtiles) character file.

Game seed: 14983137209008411298

494 Newt the Skirmisher (level 7, -3/44 HPs)
             Began as a Kobold Hunter on Feb 10, 2023.
             Slain by an iguana (12 damage)
             ... on level 5 of the Dungeon.
             The game lasted 00:03:31 (4185 turns).

Newt the Skirmisher (Kobold Hunter)                 Turns: 4185, Time: 00:03:31

Health: -3/44      AC:  4    Str:  9    XL:     7   Next: 38%
Magic:  7/7        EV: 14    Int: 10    God:
Gold:   254        SH:  0    Dex: 20    Spells: 6/6 levels left

rFire   . . .      SeeInvis .    a - +1 shortbow
rCold   . . .      Faith    .    (shield currently unavailable)
rNeg    . . .      Spirit   .    c - +0 leather armour
rPois   +          Reflect  .    (no helmet)
rElec   .          Harm     .    r - scarf {repulsion}
rCorr   .          Rampage  .    (no gloves)
Will    .....                    o - +0 pair of boots
Stlth   +++                      (no amulet)
HPRegen 0.27/turn                g - ring of wizardry
MPRegen 0.10/turn                s - ring of poison resistance

@: repel missiles
A: small, no large weapons, nightstalker 3
a: no special abilities


You were on level 5 of the Dungeon.
You visited 1 branch of the dungeon, and saw 5 of its levels.

You collected 254 gold pieces.

Inventory:

Hand Weapons
 a - a +1 shortbow (weapon)
Armour
 c - a +0 leather armour (worn)
 n - a +2 robe of fire resistance
 o - a +0 pair of boots (worn)
 r - a scarf of repulsion (worn)
Jewellery
 g - a ring of wizardry (left hand)
 h - a ring of fire
 s - a ring of poison resistance (right hand)
Wands
 q - a wand of paralysis (11)
Scrolls
 b - 2 scrolls of immolation
 d - 4 scrolls of teleportation
 k - 2 scrolls of noise
 t - a scroll of magic mapping
Potions
 f - a potion of attraction {unknown}
 i - a potion of cancellation {unknown}
 j - 2 potions of heal wounds {unknown}
 p - a potion of brilliance {unknown}


   Skills:
 - Level 5.0 Fighting
 + Level 9.5 Ranged Weapons
 - Level 2.4 Dodging
 - Level 1.3 Stealth


You had 6 spell levels left.
You didn't know any spells.
Your spell library was empty.

Dungeon Overview and Level Annotations

Branches:
Dungeon (5/15)
 Temple: D:4-7

Altars:
Trog


Innate Abilities, Weirdness & Mutations

You are small and have problems with some larger weapons.
You are completely attuned to the shadows.


Message History

You shoot an arrow. The arrow hits the orc!
You kill the orc!
The iguana bites you.
You shoot an arrow. The arrow closely misses the iguana.
The iguana closely misses you.
An orc comes into view. It is wielding a +0 hand axe.
You shoot an arrow. The arrow hits the iguana.
The iguana is lightly wounded.
The iguana bites you.
You shoot an arrow. The arrow hits the iguana!
The iguana is severely wounded.
The iguana bites you! The iguana bites you.
You are too injured to fight recklessly!
You are too injured to fight recklessly!
You are too injured to fight recklessly!
There are monsters nearby!
There are monsters nearby!
You are too injured to fight recklessly!
You are too injured to fight recklessly!
Unknown command.
Found a stone staircase leading up and a stone staircase leading down.
The iguana closely misses you. The orc misses you.
Things that are here:
a +0 war axe; an orc corpse You shoot an arrow.
The arrow hits the iguana.
The iguana is almost dead.
The orc hits you with a +0 hand axe. The iguana bites you!
* * * LOW HITPOINT WARNING * * *
You feel better. The iguana bites you!
* * * LOW HITPOINT WARNING * * *
The orc hits you with a +0 hand axe.
* * * LOW HITPOINT WARNING * * *
You feel better. The iguana closely misses you.
The orc hits you with a +0 hand axe.
* * * LOW HITPOINT WARNING * * *
You feel better. The iguana barely misses you.
The orc hits you with a +0 hand axe.
* * * LOW HITPOINT WARNING * * *
You shoot an arrow. The arrow closely misses the iguana.
The iguana bites you!
You die...

..# #.# ..# #.#.# #
#.# #.#.#>#
#####.########.#.#.#
............[..#)..#.
#...............@)..<
#...............lo...
#....................
#.............)......
#....................
#.................
#.................
..................
#................


You could see an iguana and an orc.

Vanquished Creatures
  An ogre (D:5)
  A phantom (D:4)
  A scorpion (D:5)
  Jessica (D:3)
  2 iguanas (D:4)
  An orc wizard (D:5)
  Robin (D:4)
  5 adders
  An adder zombie (D:2)
  An adder skeleton (D:2)
  A worm (D:2)
  4 dart slugs
  4 orcs
  7 ball pythons
  7 bats
  A bat skeleton (D:2)
  8 endoplasms
  4 giant cockroaches
  15 goblins
  11 hobgoblins
  6 quokkas
  A ball python zombie (D:2)
  4 frilled lizards
  A jackal zombie (D:2)
  11 kobolds
  6 rats
106 creatures vanquished.

Vanquished Creatures (others)
  A plant (D:3)
1 creature vanquished.

Grand Total: 107 creatures vanquished

Notes
Turn   | Place    | Note
-------+----------+-------------------------------------------
     0 | D:1      | Newt the Kobold Hunter began the quest for the Orb.
     0 | D:1      | Reached XP level 1. HP: 12/12 MP: 1/1
   125 | D:1      | Reached XP level 2. HP: 18/18 MP: 2/2
   523 | D:1      | Reached XP level 3. HP: 24/24 MP: 3/3
  1027 | D:2      | Reached XP level 4. HP: 30/30 MP: 4/4
  1787 | D:3      | Reached skill level 5 in Fighting
  1965 | D:3      | Found a bloodstained altar of Trog.
  2146 | D:3      | Reached XP level 5. HP: 29/35 MP: 5/5
  2407 | D:3      | Noticed Jessica
  2416 | D:3      | Killed Jessica
  2417 | D:3      | Reached skill level 6 in Ranged Weapons
  2614 | D:3      | Found a faded altar of an unknown god.
  3004 | D:4      | Reached skill level 7 in Ranged Weapons
  3009 | D:4      | Reached XP level 6. HP: 13/40 MP: 6/6
  3251 | D:4      | Reached skill level 8 in Ranged Weapons
  3719 | D:4      | Noticed Robin
  3728 | D:4      | Killed Robin
  3950 | D:5      | Entered Level 5 of the Dungeon
  3969 | D:5      | Reached XP level 7. HP: 17/44 MP: 7/7
  4105 | D:5      | Reached skill level 9 in Ranged Weapons
  4182 | D:5      | HP: 2/44 [iguana (10)]
  4185 | D:5      | Slain by an iguana

Illustrated notes

Levels and vault maps discovered:
D:1:      dpeg_arrival_renting, layout_basic, kennysheep_minor_cross,
          hangedman_feature_mirror, minmay_misc_feat_iff
D:2:      layout_loops_ring, serial_undead, serial_undead_e, serial_undead_f,
          serial_undead_e, serial_undead_f
D:3:      minmay_evil_eye, layout_basic, trog_three_pillars_becter,
          chequers_ecumenical_altar_lobes, guppyfry_early_lair_pool,
          uniq_jessica
D:4:      layout_loops_ring, uniq_robin
D:5:      layout_basic, dreamdust_princess_corridor, guppyfry_early_orc_mine

Skill      XL: |  1  2  3  4  5  6  7 |
---------------+----------------------+-----
Fighting       | 3 4 5 |  5.0
Ranged Weapons | 7 8 9 |  9.5
Dodging        | |  2.4
Stealth        | |  1.3

Action                     |  1- 3 |  4- 6 |  7- 9 || total
---------------------------+-------+-------+-------++-------
   Fire: Shortbow          |    89 |   193 |    16 ||   298
    Use: Scroll            |     4 |     3 |     2 ||     9
         Potion            |       |     1 |     3 ||     4
 Armour: Leather armour    |     6 |    23 |     1 ||    30
  Dodge: Dodged            |    37 |    75 |     7 ||   119

Table legend: (Time is in decaauts)
 A = Elapsed time spent in this place.
 B = Non-inter-level travel time spent in this place.
 C = Inter-level travel time spent in this place.
 D = Time resting spent in this place.
 E = Time spent auto-exploring this place.
 F = Levels seen in this place.
 G = Mean time per level.
                   A        B        C        D        E       F      G
               +--------+--------+--------+--------+--------+-----+--------+
         Total |   4254 |   4151 |    103 |    259 |   3324 |   5 |  850.8 |
       Dungeon |   4254 |   4151 |    103 |    259 |   3324 |   5 |  850.8 |
               +--------+--------+--------+--------+--------+-----+--------+

Top non-repeatable levels by time:
     D:3: 1345 daAuts
     D:4: 1036 daAuts
     D:1: 916 daAuts
     D:2: 719 daAuts
     D:5: 236 daAuts
